 Dungeon Crawl Stone Soup version 0.26-a0-1161-g0398aca569 (webtiles) character file.

Game seed: 9222587980339412787

6561 Adamkad1 the Blocker (level 11, -5/56 HPs)
             Began as a Vine Stalker Fighter on Dec 23, 2020.
             Was an Initiate of Gozag.
             Slain by a troll (8 damage)
             ... on level 8 of the Dungeon.
             The game lasted 00:21:52 (8673 turns).

Adamkad1 the Blocker (Vine Stalker Fighter)         Turns: 8673, Time: 00:21:53

Health: -5/56      AC: 14    Str: 19 (21) XL:     11   Next: 1%
Magic:  0/21       EV:  6    Int:  6 (8)  God:    Gozag
Gold:   563        SH: 12    Dex: 15      Spells: 22/22 levels left

rFire    . . .     SeeInvis .   G - +1 whip (flame)
rCold    . . .     Faith    .   c - +1 kite shield
rNeg     + . .     Spirit   +   m - +2 chain mail {rN+}
rPois    .         Reflect  .   p - +0 helmet
rElec    .         Harm     .   j - +0 cloak
rCorr    .         Rampage  .   (no gloves)
Will     ++...                  (no boots)
Stlth    ..........             d - amulet of the acrobat
HPRegen  0.58/turn              x - ring of willpower
MPRegen  0.17/turn              A - ring of stealth

@: no status effects
A: fangs 3, regeneration 1, magic shield, antimagic bite, no potion heal 3
a: Renounce Religion, Potion Petition, Call Merchant, Bribe Branch


You were on level 8 of the Dungeon.
You worshipped Gozag.
Gozag was pleased with you.
You visited 2 branches of the dungeon, and saw 10 of its levels.
You also visited: Bailey.

You collected 1468 gold pieces.
You paid 905 gold pieces to Gozag.

Inventory:

Hand Weapons
 a - a +0 flail
 G - a +1 whip of flaming (weapon)
Armour
 b - a +0 scale mail
 c - a +1 kite shield (worn)
 j - a +0 cloak (worn)
 m - a +2 chain mail of positive energy (worn)
 p - a +0 helmet (worn)
Jewellery
 d - an amulet of the acrobat (around neck)
 l - an uncursed ring of fire
 x - a ring of willpower (left hand)
 z - an uncursed ring of fire
 A - a ring of stealth (right hand)
 E - an uncursed amulet of regeneration {unknown}
Wands
 w - a wand of acid (7)
 F - a wand of enslavement (4)
Scrolls
 e - a scroll of random uselessness
 f - 4 scrolls of teleportation
 h - 3 scrolls of remove curse
 i - a scroll of fear
 k - a scroll of enchant armour
 o - 2 scrolls of blinking
 t - a scroll of amnesia
 y - a scroll of silence {unknown}
 J - a scroll of acquirement {unknown}
 L - a scroll of noise {unknown}
Potions
 g - 4 potions of attraction
 n - a potion of lignification
 r - 5 potions of heal wounds
 s - 4 potions of curing
 u - a potion of mutation {unknown}
 v - a potion of ambrosia {unknown}
 B - a potion of resistance
 C - a potion of magic {unknown}
 D - a potion of flight {unknown}
 H - a potion of haste {unknown}
 I - a potion of invisibility {unknown}
 K - a potion of brilliance {unknown}


   Skills:
 + Level 6.3 Fighting
 * Level 8.2 Maces & Flails
 + Level 5.7 Armour
 * Level 8.6 Shields
 + Level 6.0 Spellcasting


You had 22 spell levels left.
You didn't know any spells.
Your spell library was empty.

Dungeon Overview and Level Annotations

Branches:
Dungeon (9/15)             Temple (1/1) D:5          Bailey (visited)
   Lair: D:8-11         Orc: D:9-12

Altars:
Ashenzari
Cheibriados
Dithmenos
Elyvilon
Fedhas
Gozag
Kikubaaqudgha
Makhleb
Okawaru
Qazlal
Ru
Sif Muna
Trog
Uskayaw
Vehumet
Wu Jian
Xom
Yredelemnul
Zin
The Shining One


Innate Abilities, Weirdness & Mutations

You have razor-sharp teeth.
Your natural rate of healing is unusually fast.
When hurt, damage is shared between your health and your magic reserves.
Your bite disrupts and absorbs the magic of your enemies.
Potions cannot restore your health.


Message History

The troll is almost dead.
You closely miss the troll.
The troll is almost dead.
The troll bites you!
* * * LOW HITPOINT WARNING * * *
The troll claws you.
* * * LOW HITPOINT WARNING * * *
The troll claws you.
* * * LOW HITPOINT WARNING * * *
You closely miss the troll. Your bite misses the troll.
The troll is almost dead.
You block the troll's attack. The troll claws you!
* * * LOW HITPOINT WARNING * * *
The troll barely misses you.
You closely miss the troll. You bite the troll. You drain its power.
You feel invigorated.
The troll is almost dead.
The troll bites you!
You die...
Your body crumbles into a pile of gold.

..............................#
#######.##......#############.#
#.##......# #.# #.##......# #.###
#.##......# #.#..
#.##......#############.#.#
#.##.####...............#.#
#######.##.##.....#############.#
................@.............#.#
###.....##.##.##.T###########.#.#
###.....##.##(#..........# #.#.#
..#.....##.##)#....###.#.# #.#.#
#.#.#.##...(.(......(..#.####.#.#
#...#.##............##.#........#
#.....##.......#(.#.##^######.###
................((...#.# #.#
#....##.#...(..###.#.#.######.###


You could see a troll.

Vanquished Creatures
  A two-headed ogre (D:8)
  Pikel (D:6)
  2 trolls
  Grinder (D:4)
  Sigmund (D:2)
  A wyvern (D:6)
  A sky beast (D:6)
  2 ice beasts
  5 ogres
  A black bear (D:7)
  A necrophage (D:7)
  11 orc warriors
  2 wolves (D:9)
  4 phantoms
  5 centaurs
  3 bullfrogs
  A scorpion (D:8)
  3 wights (D:7)
  A howler monkey (D:5)
  A jelly (D:7)
  3 bullfrog zombies
  An orc priest (D:7)
  9 hounds
  6 orc wizards
  2 bullfrog skeletons
  Terence (D:2)
  4 iguanas
  Natasha (thrice) (D:2)
  4 worker ants
  A mummy (D:7)
  14 adders
  8 gnolls
  A howler monkey skeleton (D:7)
  A shadow imp (D:5)
  2 ufetubi
  An ooze (D:2)
  5 worms
  2 dart slugs
  7 leopard geckos
  40 orcs
  3 ball pythons
  9 bats
  5 giant cockroaches
  6 goblins
  5 hobgoblins
  10 jackals
  A quokka (D:5)
  2 frilled lizards
  A goblin zombie (D:7)
  A hobgoblin zombie (D:7)
  5 kobolds
  A leopard gecko skeleton (D:4)
  A quokka zombie (D:7)
  7 rats
220 creatures vanquished.

Notes
Turn   | Place    | Note
-------+----------+-------------------------------------------
     0 | D:1      | Adamkad1 the Vine Stalker Fighter began the quest for the
                  | Orb.
     0 | D:1      | Reached XP level 1. HP: 11/11 MP: 2/2
    89 | D:1      | Reached XP level 2. HP: 16/16 MP: 3/3
   728 | D:1      | Reached XP level 3. HP: 16/19 MP: 4/4
  1097 | D:2      | Noticed Sigmund
  1256 | D:2      | Killed Sigmund
  1257 | D:2      | Reached skill level 1 in Spellcasting
  1257 | D:2      | Gained mutation: Your natural rate of healing is unusually
                  | fast. [Vine Stalker growth]
  1257 | D:2      | Reached XP level 4. HP: 6/24 MP: 1/7
  1257 | D:2      | Reached XP level 5. HP: 7/28 MP: 1/8
  1403 | D:2      | Noticed Natasha
  1409 | D:2      | Killed Natasha
  1439 | D:2      | Noticed Natasha
  1454 | D:2      | Killed Natasha
  1455 | D:2      | Reached XP level 6. HP: 32/32 MP: 9/9
  1486 | D:2      | Noticed Natasha
  1491 | D:2      | Killed Natasha
  1513 | D:2      | Noticed Terence
  1531 | D:2      | Killed Terence
  1751 | D:2      | Found a stormy altar of Qazlal.
  2317 | D:3      | Found a shimmering altar of Xom.
  2317 | D:3      | Found a blossoming altar of Fedhas.
  2319 | D:3      | Found a hide-covered altar of Uskayaw.
  2319 | D:3      | Found a basalt altar of Yredelemnul.
  2319 | D:3      | Found a broken altar of Ashenzari.
  2319 | D:3      | Found an ancient bone altar of Kikubaaqudgha.
  2321 | D:3      | Found a snail-covered altar of Cheibriados.
  2664 | D:3      | Reached XP level 7. HP: 36/36 MP: 9/11
  3399 | D:4      | Noticed Grinder
  3403 | D:4      | Paralysed by Grinder for 2 turns
  3421 | D:4      | Killed Grinder
  3422 | D:4      | Reached skill level 5 in Shields
  3504 | D:5      | Entered Level 5 of the Dungeon
  3521 | D:5      | Gained mutation: You have razor-sharp teeth. [Vine Stalker
                  | growth]
  3521 | D:5      | Reached XP level 8. HP: 42/42 MP: 11/13
  3607 | D:5      | Found a shimmering altar of Xom.
  3662 | D:5      | Noticed a troll
  3880 | D:5      | Reached skill level 5 in Maces & Flails
  4095 | D:5      | Found a staircase to the Ecumenical Temple.
  4112 | Temple   | Entered the Ecumenical Temple
  4167 | Temple   | Became a worshipper of Gozag Ym Sagoz the Greedy
  4711 | D:5      | Killed a troll
  4816 | D:5      | Found an ornate altar of the Wu Jian Council.
  4961 | D:6      | Noticed Pikel
  4979 | D:6      | Killed Pikel
  4980 | D:6      | Reached XP level 9. HP: 45/46 MP: 14/16
  5073 | D:6      | Reached skill level 5 in Fighting
  5682 | D:7      | Found a burning altar of Makhleb.
  5846 | D:7      | You fall into a shaft and drop 2 floors!
  5863 | D:8      | Reached XP level 10. HP: 51/51 MP: 18/18
  5929 | D:8      | Reached skill level 5 in Spellcasting
  5932 | D:8      | Reached skill level 5 in Armour
  5955 | D:8      | Found a flagged portal.
  6001 | Bailey   | Entered a bailey
  6354 | Bailey   | Noticed an orc knight
  6760 | D:8      | Noticed a two-headed ogre
  7228 | D:7      | Found an iron altar of Okawaru.
  7528 | D:7      | Found a glowing golden altar of the Shining One.
  7803 | D:8      | Killed a two-headed ogre
  8356 | D:9      | Noticed a two-headed ogre
  8466 | D:9      | Reached XP level 11. HP: 20/56 MP: 11/21
  8672 | D:8      | HP: 2/56 [troll (4)]
  8673 | D:8      | Slain by a troll

Illustrated notes

Levels and vault maps discovered:
D:1:      mrwooster_arrival_statue_2, layout_basic
D:2:      layout_basic, lemuel_coloured_pillars_altar, uniq_natasha,
          uniq_terence, uniq_sigmund
D:3:      minmay_evil_eye, layout_loops_cross, grunt_temple_overflow_open,
          minmay_pentomino_pile
D:4:      layout_basic, chequers_jeans, uniq_grinder
D:5:      layout_cave_pods, lemuel_doored_altar, minmay_temple_entry_fiery,
          brannock_xom_greatest_gift
D:6:      layout_rooms, uniq_pikel
D:7:      layout_basic, lemuel_crystal_altar, bloody_makhleb, kennysheep_mini,
          nicolae_ossuary_entry_giza
D:8:      layout_basic, enter_bailey_1
D:9:      layout_roguey, erik_lair_island, hiddenorc1_lemuel,
          okawaru_altar_gauntlet_db, uniq_psyche
Temple:   jpeg_temple_alley_garden

Skill      XL: |  1  2  3  4  5  6  7  8  9 10 |
---------------+-------------------------------+-----
Maces & Flails | 2 3 4 5 6 8 |  8.2
Shields        | 3 4 5 6 7 8 |  8.6
Fighting       | 3 4 5 6 |  6.3
Spellcasting   | 1 2 4 6 |  6.0
Armour         | 3 4 5 |  5.7

Action                   |  1- 3 |  4- 6 |  7- 9 | 10-12 || total
-------------------------+-------+-------+-------+-------++-------
Melee: Flail             |    90 |   153 |   180 |       ||   423
       Bite              |    19 |    43 |   131 |   142 ||   335
       Whip              |       |       |   187 |   393 ||   580
Invok: Potion Petition   |       |       |       |     2 ||     2
  Use: Potion            |       |       |     4 |     3 ||     7
       Scroll            |       |       |    11 |       ||    11
 Stab: Distracted        |       |       |       |     2 ||     2
Armor: Scale mail        |    42 |     7 |       |       ||    49
       Chain mail        |       |    82 |   179 |   123 ||   384
       Skin              |       |       |       |     7 ||     7
Dodge: Dodged            |    31 |    26 |    66 |   128 ||   251
Block: Kite shield       |    53 |    96 |   185 |   249 ||   583

Table legend: (Time is in decaauts)
 A = Elapsed time spent in this place.
 B = Non-inter-level travel time spent in this place.
 C = Inter-level travel time spent in this place.
 D = Time resting spent in this place.
 E = Time spent auto-exploring this place.
 F = Levels seen in this place.
 G = Mean time per level.
                   A        B        C        D        E       F      G
               +--------+--------+--------+--------+--------+-----+--------+
         Total |   8686 |   8165 |    521 |    644 |   4818 |  11 |  789.6 |
       Dungeon |   8240 |   7747 |    493 |    590 |   4784 |   9 |  915.6 |
        Temple |     84 |     56 |     28 |      0 |     34 |   1 |   84.0 |
        Bailey |    361 |    361 |      0 |     54 |      0 |   1 |  361.0 |
               +--------+--------+--------+--------+--------+-----+--------+

Top non-repeatable levels by time:
     D:5: 1376 daAuts
     D:1: 1181 daAuts
     D:8: 1161 daAuts
     D:7: 1143 daAuts
     D:2: 1056 daAuts
     D:3: 772 daAuts
     D:4: 680 daAuts
     D:6: 609 daAuts
  Bailey: 361 daAuts
     D:9: 258 daAuts
  Temple: 84 daAuts
